 Dungeon Crawl Stone Soup version 0.31-a0-544-gceb718ecc6 (webtiles) character file.

Game seed: 18214830306522390030

2533 Mickster the Cleaver (level 9, -2/21 HPs)
             Began as a Hill Orc Berserker on Aug 16, 2023.
             Was a Follower of Trog.
             Slain by a wolf (10 damage)
             ... on level 1 of the Lair of Beasts.
             The game lasted 00:41:52 (4470 turns).

Mickster the Cleaver (Hill Orc Berserker)           Turns: 4470, Time: 00:41:52

Health: -2/21      AC:  3    Str: 24    XL:     9   Next: 55%
Magic:  9/9        EV: 13    Int:  7    God:    Trog [*.....]
Gold:   214        SH:  0    Dex: 13    Spells: 8/8 levels left

rFire   . . .        L - +2 war axe
rCold   . . .        A - orb {*Rage}
rNeg    + . .        B - melded +0 chain mail
rPois   +            m - +0 helmet "Puecomast" {rCorr Dex+3}
rElec   .            (no cloak)
rCorr   +            g - +1 pair of gloves
SInv    .            (no boots)
Will    .....        E - amulet of regeneration Stlth
                     f - ring of poison resistance
HPRegen 1.03/turn    w - ring of positive energy
MPRegen 0.11/turn

%: random rage (20%)
@: berserking (expiring), maw-form, very quick
A: devouring maw, reduced hp, deterioration 1
a: Begin Untransformation, Renounce Religion, Berserk


You were on level 1 of the Lair of Beasts.
You worshipped Trog.
Trog was aware of your devotion.
You were a creature with a mouth for a stomach.
You visited 2 branches of the dungeon, and saw 8 of its levels.

You collected 214 gold pieces.

Inventory:

Hand Weapons
 a - a +0 hand axe
 b - a +0 rapier
 h - a +0 war axe
 o - a +2 dagger of protection
 C - a +0 falchion
 H - a +2 dagger of holy wrath
 K - a +0 battleaxe
 L - a +2 war axe (weapon)
Missiles
 c - 40 stones
 i - 7 boomerangs
 v - 18 poisoned darts (quivered)
Armour
 e - a +0 scale mail
 g - a +1 pair of gloves (worn)
 m - the +0 helmet "Puecomast" (worn) {rCorr Dex+3}
   (You took it off Robin on level 2 of the Dungeon)

   Dex+3:     It affects your dexterity (+3).
   rCorr:     It protects you from acid and corrosion.
 A - an orb of wrath (worn)
 B - a +0 chain mail (melded)
Jewellery
 f - a ring of poison resistance (left hand)
 w - a ring of positive energy (right hand)
 E - an amulet of regeneration (around neck)
Talismans
 q - a maw talisman (active)
Wands
 y - a wand of acid (4)
 J - a wand of paralysis (4)
Scrolls
 k - a scroll of fear
 l - a scroll of identify
 r - 2 scrolls of blinking
 u - a scroll of butterflies
 z - 2 scrolls of teleportation
 G - a scroll of poison
Potions
 d - 2 potions of cancellation {unknown}
 j - 2 potions of mutation
 n - 2 potions of enlightenment {unknown}
 p - a potion of resistance {unknown}
 s - a potion of heal wounds {unknown}
 t - a potion of might {unknown}
 x - a potion of brilliance {unknown}
 D - a potion of lignification {unknown}
 F - a potion of magic {unknown}
 I - 2 potions of invisibility {unknown}


   Skills:
 + Level 7.0 Fighting
 - Level 2.0 Short Blades
 * Level 12.4 Axes
 + Level 0.4 Throwing
 + Level 5.8 Armour
 + Level 3.6 Dodging
 + Level 0.7 Stealth
 * Level 0.8 Shapeshifting


You had 8 spell levels left.
You didn't know any spells.
Your spell library was empty.

Dungeon Overview and Level Annotations

Branches:
Dungeon (8/15)             Temple (0/1) D:6            Lair (1/5) D:8

Altars:
Dithmenos
Fedhas
Hepliaklqana
Yredelemnul

Shops:
D:2 =

Annotations:
D:8 Amaemon


Innate Abilities, Weirdness & Mutations

You are a creature with a mouth for a stomach.
Your midsection houses a second, enormous mouth.
Your maximum health is decreased, since you lack skill for your form.
Your body sometimes deteriorates upon taking damage.


Message History

A water moccasin comes into view.
You slice the bullfrog!!
You devour the bullfrog!
You feel better.
You kill the bullfrog!
Trog accepts your kill.
You slash the yak!
The yak is heavily wounded.
You slash the yak!
The yak is severely wounded.
The yak gores you.
Your body deteriorates!
You feel weakened.
You slash the yak!
You devour half of the yak!
You feel better.
You kill the yak!
Trog accepts your kill.
Your Axes skill increases to level 12!
You slash the cane toad!
The cane toad is moderately wounded.
The cane toad stings you.
You closely miss the cane toad.
The cane toad is moderately wounded.
A wolf comes into view.
A blink frog comes into view.
You closely miss the cane toad.
The cane toad is moderately wounded.
The blink frog croaks.
The cane toad misses you.
You slash the cane toad! You bite the cane toad.
The cane toad is severely wounded.
The cane toad stings you!
Ouch! That really hurt!
* * * LOW HITPOINT WARNING * * *
You slash the cane toad! You bite the cane toad.
You devour the cane toad!
You feel better.
You kill the cane toad!
Trog accepts your kill. The wolf bites you.
You feel your strength returning.
Your Fighting skill increases to level 7!
You barely miss the wolf. You bite the wolf.
The wolf is lightly wounded.
You miss the wolf. The wolf bites you!
You die...

. ...P... .
....... ##.
....... ##..
.........
#P..##.........
#...(.........
#.YS# #.....
..#####h## ......
#....#W###P.≈§§≈
#...h......§#
##..##...#.≈##≈
..... #...#.§≈≈≈
......##...#§.§..
#..............#
#...#..........#
##...#.........#
#... #.........#


You could see a yak, a water moccasin and 2 wolves.

Vanquished Creatures
  A cane toad (Lair:1)
  An orange demon (D:8)
  2 yaks (Lair:1)
  Eustachio (D:4)
  Menkaure (D:6)
  Duvessa (D:7)
  An ice beast (D:7)
  A sky beast (D:7)
  An ogre (D:7)
  2 kobold brigands (D:7)
  4 bullfrogs
  A scorpion (D:6)
  A wight (D:8)
  Dowan (D:7)
  3 killer bees (D:8)
  An electric eel (D:8)
  3 hounds
  3 orc priests (D:7)
  A jelly (D:7)
  Robin (D:2)
  6 adders
  A shadow imp (D:6)
  An ufetubus (D:6)
  A worm (D:4)
  A dart slug (D:3)
  11 orcs
  2 endoplasms (D:3)
  3 giant cockroaches
  12 goblins
  9 hobgoblins
  6 jackals (D:1)
  16 kobolds
  6 quokkas
  2 ball pythons
  3 bats
  5 frilled lizards
  4 rats
120 creatures vanquished.

Notes
Turn   | Place    | Note
-------+----------+-------------------------------------------
     0 | D:1      | Mickster the Hill Orc Berserker began the quest for the
                  | Orb.
     0 | D:1      | Reached XP level 1. HP: 19/19 MP: 1/1
   166 | D:1      | Reached XP level 2. HP: 27/27 MP: 2/2
   501 | D:1      | Reached XP level 3. HP: 33/33 MP: 3/3
   649 | D:1      | Reached skill level 5 in Axes
   987 | D:2      | Identified the +0 helmet "Puecomast" {rCorr Dex+3}
   987 | D:2      | Noticed Robin
  1001 | D:2      | Reached ** piety under Trog
  1008 | D:2      | Killed Robin
  1009 | D:2      | Reached XP level 4. HP: 30/40 MP: 4/4
  1017 | D:2      | Found Muwk's Jewellery Boutique.
  1279 | D:2      | Gained mutation: Your body sometimes deteriorates upon
                  | taking damage. [potion of mutation]
  1279 | D:2      | Lost mutation: Your body sometimes deteriorates upon taking
                  | damage. [potion of mutation]
  1279 | D:2      | Gained mutation: Your body sometimes deteriorates upon
                  | taking damage. [potion of mutation]
  1353 | D:3      | Found a faded altar of an unknown god.
  1356 | D:3      | Found a hazy altar of Hepliaklqana.
  1630 | D:3      | Reached skill level 6 in Axes
  1880 | D:3      | Reached XP level 5. HP: 45/46 MP: 5/5
  2067 | D:4      | Noticed Eustachio
  2099 | D:4      | Killed Eustachio
  2100 | D:4      | Reached skill level 7 in Axes
  2100 | D:4      | Reached XP level 6. HP: 22/53 MP: 6/6
  2164 | D:4      | Found a blossoming altar of Fedhas.
  2429 | D:4      | Found a shadowy altar of Dithmenos.
  2535 | D:4      | You fall into a shaft and drop 2 floors!
  2688 | D:6      | Noticed Menkaure
  2691 | D:6      | Reached skill level 8 in Axes
  2702 | D:6      | Killed Menkaure
  2703 | D:6      | Reached XP level 7. HP: 9/60 MP: 7/7
  2969 | D:6      | Reached skill level 9 in Axes
  3012 | D:6      | Found a staircase to the Ecumenical Temple.
  3322 | D:7      | Reached skill level 5 in Fighting
  3351 | D:7      | Reached skill level 10 in Axes
  3351 | D:7      | Reached XP level 8. HP: 36/68 MP: 8/8
  3425 | D:7      | Found a basalt altar of Yredelemnul.
  3841 | D:7      | Reached skill level 11 in Axes
  4010 | D:7      | Noticed Dowan
  4011 | D:7      | Noticed Duvessa
  4018 | D:7      | Killed Dowan
  4021 | D:7      | Killed Duvessa
  4190 | D:8      | Noticed an orange demon
  4190 | D:8      | Noticed Amaemon
  4201 | D:8      | Killed an orange demon
  4202 | D:8      | Reached skill level 1 in Short Blades
  4202 | D:8      | Reached skill level 5 in Armour
  4202 | D:8      | Reached XP level 9. HP: 75/75 MP: 9/9
  4250 | D:8      | Found a staircase to the Lair.
  4432 | Lair:1   | Entered Level 1 of the Lair of Beasts
  4457 | Lair:1   | Noticed a cane toad
  4465 | Lair:1   | Reached skill level 12 in Axes
  4469 | Lair:1   | Killed a cane toad
  4470 | Lair:1   | Slain by a wolf

Illustrated notes

Levels and vault maps discovered:
D:1:      erik_arrival_orb_chamber, layout_basic
D:2:      layout_rooms, serial_shops, nicolae_shop_trees, uniq_natasha,
          uniq_robin
D:3:      layout_basic, overflow_temple_1_default, basic_ecumenical_altar,
          minmay_misc_feat_doors, kennysheep_generic_room_6
D:4:      layout_cave_pods, general_overflow_altar,
          nicolae_dithmenos_shadow_blocks, mainiacjoe_overflow_alcove_2,
          grunt_decor_one_mirror, uniq_eustachio
D:6:      layout_basic, minmay_temple_entry_wispy,
          chequers_serial_rivers_small_b, uniq_menkaure
D:7:      layout_rooms, mainiacjoe_overflow_chevrons, hex_tiny, uniq_duvessa
D:8:      layout_rooms, lair_entry_dummy,
          ploomutoo_gammafunk_ghost_potion_laboratory, nicolae_water_bricks,
          uniq_amaemon
Lair:1:   layout_gridlike, serial_bayou_pond_e, grunt_megastairs_4, uniq_grum

Skill      XL: |  1  2  3  4  5  6  7  8  9 |
---------------+----------------------------+-----
Fighting       | 4 5 6 7 |  7.0
Axes           | 5 6 7 8 10 11 12 | 12.4
Armour         | 3 4 5 |  5.8
Dodging        | 2 3 |  3.6
Short Blades   | 1 2 |  2.0
Throwing       | |  0.4
Stealth        | |  0.7
Shapeshifting  | |  0.8

Action                     |  1- 3 |  4- 6 |  7- 9 || total
---------------------------+-------+-------+-------++-------
  Melee: Hand axe          |    51 |       |       ||    51
         War axe           |    54 |   130 |    97 ||   281
         Dagger            |       |       |    18 ||    18
         Battleaxe         |       |       |    11 ||    11
         Maw               |       |       |     4 ||     4
  Throw: Boomerang         |     1 |       |       ||     1
         Dart              |       |       |     2 ||     2
 Invoke: Berserk           |     3 |     4 |     8 ||    15
         Trog's Hand       |       |     3 |     8 ||    11
    Use: Scroll            |     2 |     6 |     3 ||    11
         Potion            |       |     2 |       ||     2
 Armour: Animal skin       |     1 |       |       ||     1
         Scale mail        |    35 |   128 |    16 ||   179
         Skin              |       |       |     4 ||     4
         Chain mail        |       |       |    46 ||    46
  Dodge: Dodged            |    74 |   134 |    68 ||   276
   Form: Maw               |       |       |     1 ||     1

Table legend: (Time is in decaauts)
 A = Elapsed time spent in this place.
 B = Non-inter-level travel time spent in this place.
 C = Inter-level travel time spent in this place.
 D = Time resting spent in this place.
 E = Time spent auto-exploring this place.
 F = Levels seen in this place.
 G = Mean time per level.
                   A        B        C        D        E       F      G
               +--------+--------+--------+--------+--------+-----+--------+
         Total |   4639 |   4320 |    319 |    567 |    164 |   8 |  579.9 |
       Dungeon |   4605 |   4286 |    319 |    567 |    164 |   7 |  657.9 |
          Lair |     33 |     33 |      0 |      0 |      0 |   1 |   33.0 |
               +--------+--------+--------+--------+--------+-----+--------+

Top non-repeatable levels by time:
     D:1: 1005 daAuts
     D:6: 811 daAuts
     D:7: 752 daAuts
     D:3: 685 daAuts
     D:4: 554 daAuts
     D:8: 436 daAuts
     D:2: 359 daAuts
  Lair:1: 33 daAuts
